 Dungeon Crawl Stone Soup version 0.30.0-16-gbe6223bb7e (webtiles) character file.

Game seed: 8362089882887759040

109 Leibowitz the Stinger (level 4, -15/36 HPs)
             Began as a Naga Venom Mage on May 20, 2023.
             Demolished by an ogre
             ... wielding a +0 giant spiked club
              (27 damage)
             ... on level 4 of the Dungeon.
             The game lasted 00:13:04 (3774 turns).

Leibowitz the Stinger (Naga Venom Mage)             Turns: 3774, Time: 00:13:05

Health: -15/36     AC:  9    Str: 11    XL:     4   Next: 89%
Magic:  2/8        EV: 10    Int: 23    God:
Gold:   239        SH:  0    Dex: 11    Spells: 2/9 levels left

rFire   . . .        i - +1 mace (protect)
rCold   . . .        (no shield)
rNeg    . . .        k - +0 robe
rPois   +            (no helmet)
rElec   .            (no cloak)
rCorr   .            (no gloves)
SInv    +            (no barding)
Will    .....        (no amulet)
Stlth   ++           p - +6 ring of intelligence
HPRegen 0.26/turn    (no ring)
MPRegen 0.11/turn

%: no passive effects
@: under a protective aura, very slow
A: AC +1, large, see invisible, deformed body, poison resistance, slowness 2,
spit poison 1, naga tail 1
a: Spit Poison


You were on level 4 of the Dungeon.
You visited 1 branch of the dungeon, and saw 4 of its levels.

You collected 239 gold pieces.

Inventory:

Hand Weapons
 a - a +0 dagger of venom
 i - a +1 mace of protection (weapon)
Missiles
 v - 6 curare-tipped darts (quivered)
Armour
 k - a +0 robe (worn)
Jewellery
 p - a +6 ring of intelligence (left hand)
Scrolls
 c - a scroll of silence {unknown}
 d - 4 scrolls of teleportation {unknown}
 e - a scroll of poison {unknown}
 f - 3 scrolls of fear {unknown}
 g - 7 scrolls of identify {unknown}
 h - 2 scrolls of enchant armour {unknown}
 l - 3 scrolls of noise {unknown}
 n - a scroll of vulnerability {unknown}
 o - a scroll of blinking {unknown}
 q - a scroll of brand weapon {unknown}
 t - 3 scrolls of immolation {unknown}
Potions
 b - a potion of magic
 j - 3 potions of degeneration {unknown}
 m - 2 potions of curing {unknown}
 r - 2 potions of attraction {unknown}
 s - a potion of berserk rage {unknown}
 u - 2 potions of heal wounds


   Skills:
 + Level 0.2 Fighting
 + Level 0.1 Maces & Flails
 + Level 1.9 Dodging
 + Level 3.1 Stealth
 * Level 3.1 Spellcasting
 + Level 1.6 Transmutations
 + Level 1.0 Air Magic
 * Level 5.1 Poison Magic


You had 2 spell levels left.
You knew the following spells:

 Your Spells              Type           Power      Damage    Failure   Level
a - Sting                 Tmut/Pois      76%        1d6       2%          1
b - Poisonous Vapours     Pois/Air       34%        N/A       4%          2
c - Olgreb's Toxic Radia  Pois           27%        N/A       14%         4

Your spell library contained the following spells:

 Spells                   Type           Power      Damage    Failure   Level
 Sandblast                Erth           6%         2d5       12%         1
 Passwall                 Tmut/Erth      5%         N/A       12%         2
 Mephitic Cloud           Conj/Pois/Air  13%        N/A       14%         3
 Stone Arrow              Conj/Erth      6%         3d7       34%         3


Dungeon Overview and Level Annotations

Branches:
Dungeon (4/15)
 Temple: D:4-7

Altars:
Hepliaklqana

Shops:
D:3 [

Annotations:
D:3 1 runed translucent door, saiaiaiai's ghost, amateur BaEn


Innate Abilities, Weirdness & Mutations

Your serpentine skin is tough. (AC +1)
You have supernaturally acute eyesight. (SInv)
Armour fits poorly on your strangely shaped body.
Your system is resistant to poisons. (rPois)
You cover ground very slowly.
You can spit poison.
You have a snake-like lower body.


Message History

Your magical contamination has completely faded away.
An ogre comes into view. It is wielding a +0 giant spiked club.
The ogre shouts!
You hear a shout!
Items here: ! ) ? [.
Casting: Sting (safe; 2% risk of failure)
Confirm with . or Enter, or press ? or * to list all spells.
Aiming: Poisonous Vapours (safe; 4% risk of failure)
Press: ? - help, Dir - move target, f - ogre
Aim: an ogre, wielding a +0 giant spiked club Poisonous vapours surround the ogre!
The ogre is poisoned.
Casting: Poisonous Vapours (safe; 4% risk of failure)
Confirm with . or Enter, or press ? or * to list all spells.
Aiming: Poisonous Vapours (safe; 4% risk of failure)
Press: ? - help, Dir - move target, f/p - ogre
Aim: an ogre, wielding a +0 giant spiked club (poisoned) Poisonous vapours surround the ogre!
The ogre looks even sicker.
Casting: Poisonous Vapours (safe; 4% risk of failure)
Confirm with . or Enter, or press ? or * to list all spells.
Aiming: Sting (safe; 2% risk of failure)
Press: ? - help, Shift-Dir - straight line, f/p - ogre
Aim: an ogre, wielding a +0 giant spiked club (very poisoned, 88% to hit)
The sting hits the ogre but does no damage.
The ogre looks even sicker.
An orc wizard comes into view. It is wielding a +0 dagger.
Casting: Sting (safe; 2% risk of failure)
Confirm with . or Enter, or press ? or * to list all spells.
Aiming: Sting (safe; 2% risk of failure)
Press: ? - help, Shift-Dir - straight line, f/p - ogre
Aim: an ogre, wielding a +0 giant spiked club (lightly wounded, very poisoned, 88% to hit)
The sting hits the ogre.
The ogre looks as sick as possible!
The ogre is moderately wounded.
The ogre attacks as you move away!
The ogre hits you with a +0 giant spiked club!!
Ouch! That really hurt!
You hit the ogre.
Your weapon exudes an aura of protection.
The ogre is severely wounded.
The ogre hits you with a +0 giant spiked club!!
Ouch! That really hurt!
You die...

###....# ###############...
#...[# #.......#......†..
###'##
#####'#####.#.####....
#.#####......# #.#.##......
#.....'......# #.#.##.#....
#######......####.#.##.#.###
...........(.......#.#
###############.#...######
....o..)O@.)..............
###############.#.#.##.###
#.#.#.....# #.#.#####.##
#.#......... #.#######.##
#.# #... ..........#
....#####


You could see an ogre (very poisoned) and an orc wizard.

Vanquished Creatures
  4 adders
  A gnoll (D:1)
  2 dart slugs (D:3)
  2 orcs (D:4)
  2 endoplasms
  2 giant cockroaches
  6 goblins
  5 hobgoblins
  4 jackals (D:2)
  3 quokkas
  3 ball pythons
  2 bats
  5 frilled lizards
  8 kobolds
  7 rats
56 creatures vanquished.

Notes
Turn   | Place    | Note
-------+----------+-------------------------------------------
     0 | D:1      | Leibowitz the Naga Venom Mage began the quest for the Orb.
     0 | D:1      | Reached XP level 1. HP: 15/15 MP: 3/3
   321 | D:1      | Reached XP level 2. HP: 22/22 MP: 1/5
   324 | D:1      | Learned a level 2 spell: Poisonous Vapours
   906 | D:1      | Reached XP level 3. HP: 28/28 MP: 5/7
  1661 | D:2      | Found a hazy altar of Hepliaklqana.
  2272 | D:3      | Found Tev Reank's Armour Shop.
  2345 | D:3      | Reached XP level 4. HP: 36/36 MP: 5/8
  2350 | D:3      | Learned a level 4 spell: Olgreb's Toxic Radiance
  2410 | D:3      | Found a runed translucent door.
  2417 | D:3      | Noticed saiaiaiai's ghost (amateur BaEn)
  2504 | D:3      | Found a hazy altar of Hepliaklqana.
  2628 | D:3      | Reached skill level 5 in Poison Magic
  2772 | D:3      | Reached skill level 1 in Air Magic
  3767 | D:4      | Noticed an ogre
  3774 | D:4      | Demolished by an ogre

Illustrated notes

Levels and vault maps discovered:
D:1:      lemuel_arrival_room, layout_loops_ring, nicolae_grassy_gnolls
D:2:      layout_basic, basic_altar, amcnicky_mini_corridor_feature
D:3:      minmay_bubble_buster, layout_loops_ring,
          nicolae_overflow_hidden_temple, serial_shops, shop,
          ebering_ghost_sewer_d
D:4:      layout_basic, nicolae_elevator_lobby_asterisk

Skill      XL: |  1  2  3  4 |
---------------+-------------+-----
Poison Magic   | 5 |  5.1
Air Magic      | 1 |  1.0
Spellcasting   | 3 |  3.1
Fighting       | |  0.2
Maces & Flails | |  0.1
Dodging        | |  1.9
Stealth        | |  3.1
Transmutations | |  1.6

Action                     |  1- 3 |  4- 6 || total
---------------------------+-------+-------++-------
  Melee: Mace              |    30 |    10 ||    40
         Dagger            |     1 |       ||     1
   Cast: Sting             |    30 |    17 ||    47
         Poisonous Vapours |    29 |    26 ||    55
         Olgreb's Toxic Ra |       |     2 ||     2
    Use: Potion            |     1 |       ||     1
   Stab: Sleeping          |     1 |       ||     1
 Armour: Robe              |    12 |     3 ||    15
  Dodge: Dodged            |    28 |     7 ||    35
